 Dungeon Crawl Stone Soup version 0.30-b1-2-g02819fbbbe (webtiles) character file.

Game seed: 16538469052507681073

227 Alarkh the Shooter (level 5, -1/57 HPs)
             Began as a Demonspawn Hunter on May 25, 2023.
             Succumbed to Eustachio's poison
             ... on level 4 of the Dungeon.
             The game lasted 00:04:09 (2305 turns).

Alarkh the Shooter (Demonspawn Hunter)              Turns: 2305, Time: 00:04:09

Health: -1/57      AC:  5    Str: 17    XL:     5   Next: 70%
Magic:  5/5        EV: 12    Int: 13    God:
Gold:   238        SH:  0    Dex: 16    Spells: 4/4 levels left

rFire   . . .        a - +0 shortbow
rCold   . . .        (shield currently unavailable)
rNeg    . . .        c - +0 leather armour
rPois   .            (no helmet)
rElec   .            (no cloak)
rCorr   .            q - +0 pair of gloves
SInv    .            p - +0 pair of boots
Will    .....        (no amulet) Stlth
                     k - ring of flight
HPRegen 0.29/turn    s - +6 ring of strength
MPRegen 0.09/turn

%: no passive effects
@: berserking, lethally poisoned (-1 -> -30), flying, very quick
A: powered by pain 2, weakness stinger 1, hooves 1, screaming 1, MP-powered
wands
a: no special abilities


You were on level 4 of the Dungeon.
You visited 1 branch of the dungeon, and saw 4 of its levels.

You collected 238 gold pieces.

Inventory:

Hand Weapons
 a - a +0 shortbow (weapon)
Armour
 c - a +0 leather armour (worn)
 p - a +0 pair of boots (worn)
 q - a +0 pair of gloves (worn)
Jewellery
 k - a ring of flight (left hand)
 s - a +6 ring of strength (right hand)
Wands
 m - a wand of flame (6)
Scrolls
 b - a scroll of immolation
 d - 2 scrolls of blinking {unknown}
 f - a scroll of teleportation
 i - a scroll of vulnerability {unknown}
 j - a scroll of identify {unknown}
 l - a scroll of fog {unknown}
 r - a scroll of butterflies {unknown}
Potions
 e - a potion of mutation
 g - a potion of curing {unknown}
 h - a potion of magic {unknown}
 n - a potion of invisibility {unknown}


   Skills:
 - Level 2.0 Fighting
 + Level 6.4 Ranged Weapons
 - Level 1.7 Dodging
 - Level 0.8 Stealth


You had 4 spell levels left.
You didn't know any spells.
Your spell library was empty.

Dungeon Overview and Level Annotations

Branches:
Dungeon (4/15)
 Temple: D:4-7

Altars:
Ashenzari
Kikubaaqudgha

Annotations:
D:4 Eustachio


Innate Abilities, Weirdness & Mutations

You sometimes gain power by taking damage.
You have a small tail.
You have large cloven feet.
You occasionally shout uncontrollably at your foes.
You expend magic power (3 MP) to strengthen your wands.


Message History

Eustachio the Magnificent comes into view.
He is wielding a +0 rapier of venom and carrying a wand of flame (12).
You see here a giant cockroach corpse.
Eustachio is nearby!
Eustachio is nearby!
You shoot an arrow. The arrow closely misses Eustachio.
Eustachio zaps a wand.
The puff of flame hits you.
Okay, then.
Okay, then.
Okay, then.
Eustachio mumbles some strange words.
Eustachio blinks!
You shoot an arrow. The arrow hits Eustachio!
Eustachio is moderately wounded.
You shoot an arrow. The arrow closely misses Eustachio.
Eustachio zaps a wand.
The puff of flame hits you!
You shoot an arrow. The arrow barely misses Eustachio.
Eustachio hits you with a +0 rapier of venom.
You are poisoned.
Eustachio closely misses you. Eustachio attacks as you move away!
Eustachio completely misses you.
You feel sick.
There is a stone staircase leading up here.
You shoot an arrow. The arrow closely misses Eustachio.
You feel sick. Eustachio hits you but does no damage.
You are more poisoned.
You shoot an arrow. The arrow hits Eustachio!
Eustachio is moderately wounded.
You feel very sick.
Eustachio hits you with a +0 rapier of venom.
You are lethally poisoned!
It was a potion of cancellation.
You feel magically purged.
* * * LOW HITPOINT WARNING * * *
You feel very sick.
Eustachio hits you with a +0 rapier of venom!
* * * LOW HITPOINT WARNING * * *
You are more poisoned.
It was a potion of berserk rage.
A red film seems to cover your vision as you go berserk!
You feel yourself moving faster!
You feel mighty!
You die...

#.#####.####.#.†#....#
.............#..#..#.#
#..............###.# #
###.###........###.#
#.###.####...###.#
#.@@...# #.#...(.#
#..##..###.####..# ###
#..........##@##.# ..#
##.#.#.###.#.#@#.# #.#
#.....# #..###..# #.#
###.### #...#...###.##
#. #.##.........# #.#
#.#########..# #.
.............#
#.####.#####..# #.
#..# .. ...#####..#


You could see Eustachio.

Vanquished Creatures
  Terence (D:3)
  Jessica (D:3)
  Ijyb (D:3)
  An iguana (D:4)
  7 adders
  A worm (D:2)
  3 dart slugs
  9 ball pythons
  7 endoplasms
  4 giant cockroaches
  3 goblins
  4 hobgoblins
  2 jackals (D:3)
  A quokka (D:2)
  3 bats
  7 frilled lizards
  4 kobolds
  2 rats (D:2)
61 creatures vanquished.

Notes
Turn   | Place    | Note
-------+----------+-------------------------------------------
     0 | D:1      | Alarkh the Demonspawn Hunter began the quest for the Orb.
     0 | D:1      | Reached XP level 1. HP: 16/16 MP: 1/1
   417 | D:1      | Reached skill level 4 in Ranged Weapons
   419 | D:1      | Gained mutation: You have a small tail. [demonic ancestry]
   419 | D:1      | Reached XP level 2. HP: 22/22 MP: 2/2
   712 | D:2      | Reached XP level 3. HP: 18/27 MP: 3/3
  1043 | D:2      | You fall into a shaft and drop 1 floor!
  1088 | D:3      | Found an ancient bone altar of Kikubaaqudgha.
  1095 | D:3      | Noticed Jessica
  1097 | D:3      | Noticed Terence
  1098 | D:3      | Killed Jessica
  1099 | D:3      | Reached skill level 5 in Ranged Weapons
  1099 | D:3      | Gained mutation: You sometimes gain a little power by
                  | taking damage. [demonic ancestry]
  1099 | D:3      | Reached XP level 4. HP: 33/33 MP: 4/4
  1335 | D:2      | Found a faded altar of an unknown god.
  1566 | D:3      | Killed Terence
  1703 | D:3      | Gained mutation: You sometimes gain power by taking damage.
                  | [demonic ancestry]
  1703 | D:3      | Reached XP level 5. HP: 38/38 MP: 5/5
  1856 | D:3      | Noticed Ijyb
  1861 | D:3      | Gained mutation: You occasionally shout uncontrollably at
                  | your foes. [potion of mutation]
  1861 | D:3      | Gained mutation: You have large cloven feet. [potion of
                  | mutation]
  1861 | D:3      | Gained mutation: You expend magic power (3 MP) to
                  | strengthen your wands. [potion of mutation]
  1873 | D:3      | Reached skill level 6 in Ranged Weapons
  1899 | D:3      | Killed Ijyb
  2213 | D:4      | Found a broken altar of Ashenzari.
  2269 | D:4      | Noticed Eustachio
  2305 | D:4      | Succumbed to Eustachio's poison

Illustrated notes

Levels and vault maps discovered:
D:1:      dpeg_arrival_connections, layout_loops_ring
D:2:      layout_basic, ebering_ecumenical_altar_rust, minmay_close_crescents
D:3:      layout_rooms, nicolae_kikubaaqudgha_miasma_corner, uniq_ijyb,
          uniq_terence, uniq_jessica
D:4:      layout_loops_ring, cheibrodos_ashenzari_chains, vehumet_altar_wand_db,
          minmay_temple_entry_wispy, uniq_eustachio

Skill      XL: |  1  2  3  4  5 |
---------------+----------------+-----
Ranged Weapons | 4 5 6 |  6.4
Fighting       | |  2.0
Dodging        | |  1.7
Stealth        | |  0.8

Action                     |  1- 3 |  4- 6 || total
---------------------------+-------+-------++-------
   Fire: Shortbow          |    85 |   141 ||   226
    Use: Scroll            |       |     1 ||     1
         Potion            |       |     5 ||     5
 Armour: Leather armour    |     8 |    24 ||    32
  Dodge: Dodged            |    31 |    78 ||   109
